 Dungeon Crawl Stone Soup version 0.30-a0-605-gb2882149bf (webtiles) character file.

Game seed: 10538386098820146623

2895 wormed the Changer (level 9, 0/72 HPs)
             Began as an Octopode Transmuter on Jan 8, 2023.
             Slain by Erica
             ... wielding a +4 scimitar of flaming
              (4 damage)
             ... on level 8 of the Dungeon.
             The game lasted 00:10:25 (7597 turns).

wormed the Changer (Octopode Transmuter)            Turns: 7597, Time: 00:10:26

Health: 0/72       AC:  8    Str: 10    XL:     9   Next: 77%
Magic:  25/25      EV: 16    Int: 19    God:
Gold:   317        SH:  0    Dex: 12    Spells: 11/18 levels left

rFire   x . .      SeeInvis .      - Unarmed
rCold   + + +      Faith    .    (shield currently unavailable)
rNeg    . . .      Spirit   .    (helmet currently unavailable)
rPois   +          Reflect  .    n - amulet of regeneration
rElec   .          Harm     .    r - +5 ring of evasion
rCorr   .          Rampage  .    p - ring of magical power
Will    .....                    (no ring)
Stlth   +                        (no ring)
HPRegen 1.12/turn                (no ring)
MPRegen 0.19/turn                (no ring)
                                 (no ring)
                                 (no ring)

@: confused, ice-form, slowed, very slow
A: freezing attack, boosted hp, almost no armour, amphibious, 8 rings, large,
(camouflage 1), (gelatinous body 1), (nimble swimmer 1), (tentacles)
a: End Transformation


You were on level 8 of the Dungeon.
You were a creature of crystalline ice.
You visited 2 branches of the dungeon, and saw 9 of its levels.

You collected 317 gold pieces.

Inventory:

Jewellery
 n - an amulet of regeneration (around neck)
 p - a ring of magical power (right front paw)
 r - a +5 ring of evasion (left front paw)
 w - a ring of fire
Wands
 b - a wand of roots (7)
 o - a wand of flame (9) (quivered)
Scrolls
 d - a scroll of brand weapon
 l - a scroll of teleportation
 q - a scroll of magic mapping
Potions
 a - 2 potions of lignification
 c - 6 potions of brilliance
 e - 2 potions of mutation
 f - a potion of resistance
 i - a potion of attraction {unknown}
 j - 2 potions of curing {unknown}
 k - 3 potions of flight {unknown}
 m - 2 potions of might {unknown}
 v - a potion of cancellation {unknown}


   Skills:
 + Level 4.9 Fighting
 + Level 5.4 Dodging
 + Level 5.8 Unarmed Combat
 + Level 5.0 Spellcasting
 * Level 7.6 Transmutations
 - Level 4.0 Ice Magic


You had 11 spell levels left.
You knew the following spells:

 Your Spells              Type           Power      Damage    Failure   Level
a - Ice Form              Ice/Tmut       26%        N/A       11%         4
b - Wereblood             Tmut           33%        N/A       1%          2
z - Beastly Appendage     Tmut           66%        N/A       1%          1

Your spell library contained the following spells:

 Spells                   Type           Power      Damage    Failure   Level
 Spider Form              Tmut/Pois      19%        N/A       8%          3
 Necrotise                Necr           16%        1d4       12%         1
 Static Discharge         Conj/Air       8%         2-3/arc   19%         2
 Vampiric Draining        Necr           4%         2d6       36%         3
 Vhi's Electric Charge    Tloc/Air       8%         N/A       36%         3
 Agony                    Necr           4%         N/A       98%         5
 Arcjolt                  Conj/Air       2%         1d12      98%         5
 Lightning Bolt           Conj/Air       2%         1d13      98%         5


Dungeon Overview and Level Annotations

Branches:
Dungeon (8/15)             Temple (1/1) D:7            Lair (0/5) D:8

Altars:
Ashenzari
Cheibriados
Dithmenos
Elyvilon
Fedhas
Hepliaklqana
Kikubaaqudgha
Makhleb
Nemelex Xobeh
Qazlal
Ru
Sif Muna
Trog
Uskayaw
Vehumet
Wu Jian
Xom
Yredelemnul

Shops:
D:7 [[[[

Annotations:
D:6 Sigmund
D:7 1 runed translucent door
D:8 Erica


Innate Abilities, Weirdness & Mutations

You are a creature of crystalline ice.
You have a powerful freezing melee attack.
Your maximum health is increased.
Your armour is entirely melded.
You are incapable of wielding weapons or throwing items.
You cannot wear most types of armour.
You are amphibious.
You can wear up to eight rings at the same time.
((Your skin changes colour to match your surroundings (Stealth+).))
((Your rubbery body absorbs attacks. (AC +1, EV +1)))
((You are camouflaged when in or above water. (Stealth+)))
((You have tentacles for arms and can constrict up to eight enemies at once.))


Message History

You feel very sick.
You hear some strange, mumbled words.
A lance of force appears from out of thin air!
The lance of force hits you!!
* * * LOW HITPOINT WARNING * * *
Something hits you.
* * * LOW HITPOINT WARNING * * *
Something melts you.
* * * LOW HITPOINT WARNING * * *
Your primal bloodlust has ended.
You feel sick.
You hear some strange, mumbled words.
Something tries to affect you, but you resist.
You feel less confused.
You feel sick.
You hear a zap.
Your will is overpowered!
You are confused.
You hear some strange, mumbled words.
You are more confused.
You barely miss something.
You feel sick.
You hear a zap.
Your will is overpowered!
You are more confused.
You miss something.
You feel sick. Something barely misses you. Something hits you.
* * * LOW HITPOINT WARNING * * *
Something melts you.
* * * LOW HITPOINT WARNING * * *
You feel much better.
You feel sick.
You are no longer poisoned.
You hear a zap.
Something tries to affect you, but you resist.
The now-empty wand crumbles to dust.
Something hits you but does no damage. Something hits you!
* * * LOW HITPOINT WARNING * * *
Something melts you.
* * * LOW HITPOINT WARNING * * *
You miss something. Something hits you!
* * * LOW HITPOINT WARNING * * *
Something melts you.
You die...

#.......#...<.....#####
#.......#..............
#.......#...##....##...
#....[..#... #....##...
#.<.....#..........+...
#.......#+ ###....##...
#.......# #....##'##
#.......# #.........
#....{Y.# #.........
#.......# #.........
#.......+ #.........
#.......# #.........
#.......# #.........
#.......# #.........
#.......# #....##...
#.......# #....##...
#.......# #.........


There were no monsters in sight!

Vanquished Creatures
  2 slime creatures (D:7)
  3 water moccasins
  An ice beast (D:7)
  4 ogres
  A centaur (D:7)
  2 phantoms (D:5)
  3 kobold brigands (D:7)
  2 scorpions
  8 killer bees (D:7)
  Crazy Yiuf (D:7)
  2 hounds (D:5)
  5 orc priests
  10 jellies
  5 orc wizards
  An iguana (D:4)
  3 gnolls (D:4)
  3 adders
  A shadow imp (D:6)
  2 white imps
  5 ufetubi
  A worm (D:4)
  2 dart slugs
  24 orcs
  3 endoplasms
  3 giant cockroaches
  3 goblins
  6 hobgoblins
  3 jackals (D:2)
  7 kobolds
  2 quokkas
  6 ball pythons
  A bat (D:1)
  5 rats
130 creatures vanquished.

Vanquished Creatures (others)
  A human (D:4)
  5 demonic plants (D:6)
  10 fungi (D:7)
  6 toadstools (D:7)
22 creatures vanquished.

Grand Total: 152 creatures vanquished

Notes
Turn   | Place    | Note
-------+----------+-------------------------------------------
     0 | D:1      | wormed the Octopode Transmuter began the quest for the Orb.
     0 | D:1      | Reached XP level 1. HP: 13/13 MP: 3/3
   399 | D:1      | Reached XP level 2. HP: 17/18 MP: 3/5
  1174 | D:2      | Reached XP level 3. HP: 23/23 MP: 4/6
  1824 | D:3      | Noticed a +0 hand axe
  1824 | D:3      | Noticed a +0 dagger
  1825 | D:3      | Found a hide-covered altar of Uskayaw.
  1901 | D:3      | Found a snail-covered altar of Cheibriados.
  2342 | D:3      | Found a bloodstained altar of Trog.
  2384 | D:4      | Reached skill level 1 in Ice Magic
  2445 | D:4      | Reached XP level 4. HP: 21/28 MP: 3/7
  2541 | D:3      | Learned a level 4 spell: Ice Form
  2544 | D:3      | Learned a level 2 spell: Wereblood
  2792 | D:4      | Reached skill level 3 in Transmutations
  2866 | D:4      | You fall into a shaft and drop 1 floor!
  2866 | D:5      | Entered Level 5 of the Dungeon
  3362 | D:4      | Reached XP level 5. HP: 34/34 MP: 8/8
  3534 | D:4      | Found a shimmering altar of Xom.
  3612 | D:4      | Found an ancient bone altar of Kikubaaqudgha.
  3613 | D:4      | Noticed a human
  3617 | D:4      | Killed a human
  3662 | D:4      | Noticed an ogre
  3672 | D:4      | Noticed an ogre
  3673 | D:4      | Killed an ogre
  3674 | D:4      | Reached XP level 6. HP: 39/39 MP: 10/10
  3687 | D:4      | Reached skill level 4 in Transmutations
  3810 | D:4      | Found a sparkling altar of Nemelex Xobeh.
  4222 | D:5      | Reached XP level 7. HP: 22/45 MP: 11/11
  4507 | D:5      | Found a burning altar of Makhleb.
  4906 | D:5      | Reached skill level 5 in Transmutations
  4973 | D:5      | Reached XP level 8. HP: 52/52 MP: 13/13
  5509 | D:6      | Reached skill level 6 in Transmutations
  5521 | D:6      | Noticed Sigmund
  5645 | D:7      | Reached skill level 5 in Unarmed Combat
  5645 | D:7      | Reached XP level 9. HP: 49/58 MP: 13/15
  5721 | D:7      | Found Jygejybb's Armour Emporium.
  5784 | D:7      | Found a staircase to the Ecumenical Temple.
  5813 | D:7      | Found Ceufumekle's Antique Armour Emporium.
  5896 | D:7      | Found Foosugg's Armour Boutique.
  6076 | D:7      | Found Aciali's Armour Boutique.
  6166 | D:7      | Found a flagged portal.
  6167 | D:7      | Found a runed translucent door.
  6170 | D:7      | Found a basalt altar of Yredelemnul.
  6455 | D:7      | Found a runed translucent door.
  6456 | D:7      | Noticed Crazy Yiuf
  6516 | D:7      | Reached skill level 5 in Dodging
  6523 | D:7      | Reached skill level 7 in Transmutations
  6754 | D:7      | Killed Crazy Yiuf
  6926 | D:7      | Found a hazy altar of Hepliaklqana.
  6971 | Temple   | Entered the Ecumenical Temple
  7475 | D:8      | Found a staircase to the Lair.
  7526 | D:8      | Reached skill level 5 in Spellcasting
  7570 | D:8      | Noticed Erica
  7597 | D:8      | Slain by Erica

Illustrated notes

Levels and vault maps discovered:
D:1:      onia_arrival_pentagram, layout_basic
D:2:      layout_loops_corners, serial_bayou_crossing
D:3:      layout_rooms, trog_book, dancing_weapons_uskayaw, cheibriados_altar_1,
          minmay_misc_feat_roman, hangedman_decor_diamond_cutter
D:4:      layout_basic, tgw_kikubaaqudgha, nemelex_diamond_rough_becter,
          dk_xom_monty_hall
D:5:      layout_loops_ring, marbit_many_paths
D:6:      layout_rooms, mainiacjoe_overflow_six_doors_small, serial_demonic,
          serial_demonic_b, serial_demonic_d, serial_demonic_c,
          serial_demonic_e, serial_demonic_c, serial_demonic_b,
          serial_demonic_c, serial_demonic_g, serial_demonic_d,
          serial_demonic_b, serial_shops, shop_fountains,
          chequers_serial_rivers_micro_b, lightli_orcish_oven, uniq_sigmund
D:7:      cheibrodos_fertilizer, layout_basic, dk_yredelemnul_ordeal,
          nicolae_hepliaklqana_hippocampus, minmay_temple_entry_slanted,
          serial_shops, nicolae_stop_n_shop_1, kennysheep_little_box,
          shop_statue, shop, enter_bailey_2, minmay_crystal_water,
          uniq_crazy_yiuf_cottage
D:8:      layout_gridville, grunt_gozag_breadcrumbs, lair_entry_dummy,
          serial_shops, shop, roderic_lattice_a, uniq_joseph, uniq_erica,
          uniq_gastronok, uniq_pikel
Temple:   hellmonk_temple_forest_ring

Skill      XL: |  1  2  3  4  5  6  7  8  9 |
---------------+----------------------------+-----
Ice Magic      | 1 2 3 4 |  4.0
Transmutations | 3 4 5 6 7 |  7.6
Fighting       | 2 3 4 |  4.9
Dodging        | 3 4 5 |  5.4
Spellcasting   | 3 4 5 |  5.0
Unarmed Combat | 4 5 |  5.8

Action                   |  1- 3 |  4- 6 |  7- 9 || total
-------------------------+-------+-------+-------++-------
Melee: Unarmed           |    68 |    57 |   249 ||   374
       Constrict         |    26 |     6 |     4 ||    36
       Tentacles         |    20 |     8 |     9 ||    37
       Kick              |    21 |    10 |     5 ||    36
       Punch             |     1 |     1 |       ||     2
 Cast: Beastly Appendage |    25 |     3 |     3 ||    31
       Wereblood         |       |     7 |    24 ||    31
       Ice Form          |       |     7 |    29 ||    36
Evoke: Wand              |       |       |     2 ||     2
  Use: Scroll            |       |     6 |     8 ||    14
       Potion            |       |       |     2 ||     2
 Stab: Sleeping          |    10 |       |     1 ||    11
Armor: Skin              |     2 |     3 |    60 ||    65
Dodge: Dodged            |    34 |    30 |   227 ||   291

Table legend: (Time is in decaauts)
 A = Elapsed time spent in this place.
 B = Non-inter-level travel time spent in this place.
 C = Inter-level travel time spent in this place.
 D = Time resting spent in this place.
 E = Time spent auto-exploring this place.
 F = Levels seen in this place.
 G = Mean time per level.
                   A        B        C        D        E       F      G
               +--------+--------+--------+--------+--------+-----+--------+
         Total |   7563 |   7253 |    310 |      0 |   6035 |   9 |  840.3 |
       Dungeon |   7421 |   7117 |    304 |      0 |   5909 |   8 |  927.6 |
        Temple |    141 |    135 |      6 |      0 |    126 |   1 |  141.0 |
               +--------+--------+--------+--------+--------+-----+--------+

Top non-repeatable levels by time:
     D:7: 1707 daAuts
     D:4: 1470 daAuts
     D:5: 1313 daAuts
     D:2: 941 daAuts
     D:1: 878 daAuts
     D:3: 856 daAuts
     D:8: 183 daAuts
  Temple: 141 daAuts
     D:6: 71 daAuts
